[Event "Early-Titled-Tuesday-Blitz-March-19-2024"]
[Site "Chess.com"]
[Date "2024.03.19"]
[Round "8"]
[White "Flawless_Fighter"]
[Black "mitrabhaa"]
[Result "0-1"]
[WhiteElo "2851"]
[BlackElo "3074"]
[TimeControl "180+1"]
[EndTime "9:28:49 PDT"]
[Termination "mitrabhaa won by checkmate"]

1. e4 c6 2. d4 d5 3. e5 Bf5 4. Nf3 e6 5. Be2 Ne7 6. O-O Ng6 7. Nbd2 Nf4 8. Nb3 Nxe2+ 9. Qxe2 h6 10. h3 Nd7 11. Be3 Be7 12. Ne1 O-O 13. Nd3 b6 14. c3 Rc8 15. Nd2 c5 16. Rac1 Qc7 17. a3 Qb7 18. Nf4 Rc7 19. b4 cxb4 20. cxb4 Rfc8 21. Nb3 Rc2 22. Rxc2 Rxc2 23. Nd2 Qc8 24. g4 Bh7 25. Nh5 Rc3 26. Ra1 Nf8 27. Kh2 Ng6 28. f4 Nh4 29.
Rf1 Rxa3 30. f5 exf5 31. Nb1 Rb3 32. Rc1 Qe8 33. Nd2 Rb2 34. Rc7 Bxb4 35. Kg3 Bg6 36. Qa6 Bxd2 37. Rc8 Be1+ 38. Kf4 Ng2+ 39. Kf3 fxg4+ 40.
hxg4 Be4# 0-1

[Event "Early-Titled-Tuesday-Blitz-March-19-2024"]
[Site "Chess.com"]
[Date "2024.03.19"]
[Round "8"]
[White "FARIZA2018"]
[Black "akanga001"]
[Result "0-1"]
[WhiteElo "2539"]
[BlackElo "2075"]
[TimeControl "180+1"]
[EndTime "9:28:49 PDT"]
[Termination "akanga001 won by resignation"]

1. e4 e6 2. d4 d5 3. Nd2 Be7 4.
Ngf3 Nf6 5. Bd3 c5 6. exd5 exd5 7. dxc5 Bxc5 8. O-O O-O 9. Nb3 Be7 10. Nfd4 Nc6 11.
Bf4 Bg4 12. f3 Bd7 13. c3 Re8 14. Kh1 a6 15. Qc2 h6 16. Nf5 Bxf5 17. Bxf5 Bd6 18.
Bxd6 Qxd6 19. Rad1 g6 20. Bd3 Kg7 21. Qd2 Ne5 22.
Nd4 b5 23. Bc2 Nc4 24. Qd3 Ne3 25. Rfe1 Nxd1 26. Rxd1 Re7 27. g3 Rae8 28. Kg2 Re3 29. Qd2 Qe5 30. Bb3 h5 31. Rf1 h4 32. Bd1 hxg3 33.
hxg3 Nh5 34. Qf2 Qg5 35. Rh1 Nf4+ 36. Kf1 Nd3 37. Qc2 Qxg3 0-1

[Event "Early-Titled-Tuesday-Blitz-March-19-2024"]
[Site "Chess.com"]
[Date "2024.03.19"]
[Round "8"]
[White "shimastream"]
[Black "GMG"]
[Result "1-0"]
[WhiteElo "3015"]
[BlackElo "2807"]
[TimeControl "180+1"]
[EndTime "9:28:52 PDT"]
[Termination "shimastream won on time"]

1. e4 c5 2. f4 g6 3. Nf3 Bg7 4. d3 d5 5. Be2 Nc6 6. O-O e6 7.
c3 Nge7 8. e5 d4 9. Nbd2 Nd5 10.
Ne4 O-O 11. c4 Ne3 12. Bxe3 dxe3 13. Qc1 Nd4 14. Qxe3 Nc2 15. Qxc5 b6 16. Qf2 Nxa1 17.
Rxa1 Bb7 18. Nd6 Bc6 19. d4 f6 20. Qe3 Qe7 21. Rd1 Rad8 22. Ne4 fxe5 23. fxe5 Qb4 24. b3 a5 25. h4 h6 26. Nd6 a4 27. d5 exd5 28.
cxd5 Ba8 29. Bc4 axb3 30. axb3 Kh8 31. Qe4 Rxd6 32. exd6 Qxd6 33. Nd4 Bb7 34. Ne6 Re8 35. Qxg6 Re7 36. Bd3 1-0

[Event "Early-Titled-Tuesday-Blitz-March-19-2024"]
[Site "Chess.com"]
[Date "2024.03.19"]
[Round "8"]
[White "Chernov_Alexander_A"]
[Black "HelvertHernandez"]
[Result "1-0"]
[WhiteElo "2293"]
[BlackElo "2025"]
[TimeControl "180+1"]
[EndTime "9:28:52 PDT"]
[Termination "Chernov_Alexander_A won by checkmate"]

1. d4 Nf6 2. Nc3 g6 3. e4 d6 4. Bf4 Bg7 5. Qd2 c6 6. O-O-O a6 7.
Nf3 b5 8. Bd3 b4 9. Ne2 a5 10. Kb1 Nbd7 11. e5 dxe5 12. Nxe5 Nd5 13. Nxc6 Qb6 14. Ne5 Nxf4 15. Qxf4 O-O 16. h4 Nf6 17. h5 Nxh5 18. Rxh5 gxh5 19. Qe4 Qh6 20. Qxa8 a4 21. Qxa4 Be6 22. Qxb4 Ra8 23. a4 Bf8 24. Be4 Rd8 25. a5 f5 26. Bf3 Kh8 27. a6 Bg8 28. Qa5 Ra8 29. a7 Rxa7 30. Qxa7 Qe6 31. Nf4 Qd6 32.
Qc5 Qa6 33. Bd5 e6 34. Qc4 Qb6 35. Bxe6 Bxe6 36. Qxe6 Qb8 37. Nf7+ Kg7 38. Nxh5+ Kg8 39. Nh6+ Kh8 40. Qg8# 1-0

[Event "Early-Titled-Tuesday-Blitz-March-19-2024"]
[Site "Chess.com"]
[Date "2024.03.19"]
[Round "8"]
[White "GMAkobianSTL"]
[Black "platy3"]
[Result "0-1"]
[WhiteElo "2804"]
[BlackElo "2955"]
[TimeControl "180+1"]
[EndTime "9:28:54 PDT"]
[Termination "platy3 won on time"]

1. d4 Nf6 2. c4 e6 3. Nf3 d5 4. cxd5 exd5 5. Nc3 c6 6. Qc2 g6 7. Bg5 Be7 8. e3 h6 9. Bh4 Bf5 10. Bd3 Bxd3 11. Qxd3 O-O 12. O-O Nbd7 13. Rab1 a5 14. a3 a4 15. Qc2 Qa5 16. Ne5 Rfe8 17. Nxg6 fxg6 18. Qxg6+ Kh8 19. Qxh6+ Nh7 20. Bg3 Bf8 21. Qg6 Qd8 22. Qc2 Ndf6 23. Nxa4 Ne4 24. Be5+ Bg7 25. f4 Nhf6 26. Rf3 Kg8 27. Nc3 Qd7 28. Nxe4 Nxe4 29. Rbf1 Kf7 30. Rh3 Rh8 31. Rff3 Rag8 32. Qb3 Nd2 33.
Qc2 Nxf3+ 34. Rxf3 Rh6 35. b4 Bf6 36. g3 Qg4 37. Qf2 Qf5 38. Qe2 Qb1+ 39. Rf1 Qe4 40. Qf3 Qxf3 41. Rxf3 Ra8 42. g4 Bxe5 0-1

[Event "Early-Titled-Tuesday-Blitz-March-19-2024"]
[Site "Chess.com"]
[Date "2024.03.19"]
[Round "8"]
[White "Shuvalov"]
[Black "Agibileg"]
[Result "1-0"]
[WhiteElo "2583"]
[BlackElo "2799"]
[TimeControl "180+1"]
[EndTime "9:28:54 PDT"]
[Termination "Shuvalov won by resignation"]

1. d4 Nf6 2. c4 g6 3. Nc3 Bg7 4. e4 d6 5. Nf3 O-O 6. Be2 e5 7. O-O Nc6 8. d5 Ne7 9. Ne1 Nd7 10. f3 f5 11. g4 f4 12. h4 Nf6 13. Rf2 a5 14.
Rh2 Bd7 15. Nd3 a4 16. Bd2 Qb8 17. Be1 c5 18. Nf2 Nc8 19. Bd3 Nb6 20. Rc1 Ra6 21. Nb1 Na8 22. Na3 Nc7 23. Qe2 Rf7 24. Nd1 Qc8 25.
Nf2 Bf8 26. Qf1 Be7 27. Nd1 Bxg4 28. fxg4 Nxg4 29. Qh3 Ne8 30. Rg2 h5 31. Be2 Nef6 32. Nf2 Ra8 33. Nxg4 hxg4 34. Bxg4 Nxg4 35. Qxg4 Qxg4 36.
Rxg4 Kh7 37. Kf2 f3 38. Rc3 Raf8 39. Bd2 Bd8 40. Nb5 Ba5 41. Rd3 Bxd2 42. Rxd2 Rf6 43.
Rd3 Kh6 44. Rg3 Kh5 45. Rdxf3 Kxh4 46. Nxd6 Rf4 47. Rxf4+ exf4 48. Rxg6 1-0

[Event "Early-Titled-Tuesday-Blitz-March-19-2024"]
[Site "Chess.com"]
[Date "2024.03.19"]
[Round "8"]
[White "JoliyRoger"]
[Black "ritanovikova"]
[Result "1-0"]
[WhiteElo "2425"]
[BlackElo "2228"]
[TimeControl "180+1"]
[EndTime "9:28:54 PDT"]
[Termination "JoliyRoger won on time"]

1. d4 g6 2. c4 Bg7 3. e4 d6 4.
h3 Nf6 5. Nc3 O-O 6. Nf3 Nbd7 7.
Bg5 Re8 8. Be2 e5 9. d5 h6 10. Be3 g5 11. g3 Nh7 12. h4 g4 13.
Nh2 h5 14. f3 f5 15. exf5 Ndf6 16. fxg4 hxg4 17. Rf1 Nh5 18. Rg1 Bxf5 19. Bxg4 Bxg4 20.
Nxg4 e4 21. Qe2 Qe7 22. O-O-O Rf8 23. Nh6+ Bxh6 24. Bxh6 Rf3 25. Nxe4 Raf8 26. Rde1 R8f7 27. Bd2 Qd7 28. g4 Ng7 29. Bc3 Qa4 30. b3 Qa3+ 31. Qb2 Qxb2+ 32. Kxb2 Rh3 33. g5 Rh2+ 34. Ka3 Re7 35. Nf6+ Kf8 36. Nxh7+ 1-0

[Event "Early-Titled-Tuesday-Blitz-March-19-2024"]
[Site "Chess.com"]
[Date "2024.03.19"]
[Round "8"]
[White "Gabix_94"]
[Black "sorch29"]
[Result "1-0"]
[WhiteElo "2741"]
[BlackElo "2488"]
[TimeControl "180+1"]
[EndTime "9:28:55 PDT"]
[Termination "Gabix_94 won on time"]

1. e4 c5 2. Nf3 Nc6 3. Nc3 g6 4. h4 h5 5. d4 cxd4 6. Nxd4 Bg7 7. Be3 Nf6 8. Be2 O-O 9. Qd2 d6 10. O-O-O Qa5 11. Kb1 Nxd4 12. Bxd4 Be6 13. Nd5 Qxd2 14. Nxf6+ Bxf6 15. Rxd2 Bxd4 16. Rxd4 Rac8 17. Rhd1 Rc7 18.
g3 Rfc8 19. R1d2 Kg7 20. b3 b6 21. Ba6 Rb8 22. Kb2 Bc8 23. Bf1 Be6 24. a4 a5 25. Bb5 Rbc8 26. c4 Rc5 27. f4 f5 28. Re2 Kf6 29. Kc3 R8c7 30. b4 axb4+ 31. Kxb4 fxe4 32. Rdxe4 Bf5 33. R4e3 e5 34. Rd2 Ke6 35.
Re1 Rc8 36. Red1 Rd8 37. fxe5 Rxe5 38. Bc6 Re3 39. Bd5+ Ke7 40. Kb5 Rxg3 41. Kxb6 Rb3+ 42. Ka5 Rh3 43. Re1+ Kf6 44. Rb2 Rxh4 45. Rb6 Kg7 46.
Re7+ Kh6 47. Kb4 Rh2 48. a5 Rb2+ 49. Kc3 Ra2 50. a6 Ra1 51. a7 1-0

[Event "Early-Titled-Tuesday-Blitz-March-19-2024"]
[Site "Chess.com"]
[Date "2024.03.19"]
[Round "8"]
[White "Willhaven3"]
[Black "TV27"]
[Result "0-1"]
[WhiteElo "2520"]
[BlackElo "2284"]
[TimeControl "180+1"]
[EndTime "9:28:56 PDT"]
[Termination "TV27 won by resignation"]

1. e4 c5 2. Nc3 Nc6 3. f4 g6 4.
Nf3 Bg7 5. Bc4 e6 6. f5 Nge7 7. fxe6 dxe6 8. d3 Na5 9. Bb5+ Bd7 10. Bxd7+ Qxd7 11. Be3 b6 12. O-O O-O 13. Qe1 Nac6 14.
Qh4 Nd4 15. Rf2 Nxf3+ 16. Rxf3 f5 17. Bh6 Rf7 18. Re1 Qd4+ 19. Kh1 Raf8 20. Be3 Qd8 21. Rh3 Bxc3 22. bxc3 fxe4 23. Qxe4 Qd5 24. Bg1 Qxe4 25. Rxe4 Nd5 26. d4 Nxc3 27. Rxe6 cxd4 28. Bxd4 Rf1+ 29. Bg1 Nd1 30. Rf3 Nf2+ 31. Rxf2 R8xf2 32. h3 Rxc2 33. Kh2 Rf7 34. Be3 Rxa2 35. Bh6 Raf2 36. Re8+ Rf8 37. Bxf8 Rxf8 38. Re7 Rf7 39. Re8+ Kg7 40. Ra8 Rb7 41. Kg3 b5 42. Rc8 b4 43. Rc2 b3 44. Rb2 a5 45. Kf3 a4 46. Ke3 a3 47. Rb1 b2 0-1

[Event "Early-Titled-Tuesday-Blitz-March-19-2024"]
[Site "Chess.com"]
[Date "2024.03.19"]
[Round "8"]
[White "Fh2411"]
[Black "Cheer_Down"]
[Result "0-1"]
[WhiteElo "2607"]
[BlackElo "2464"]
[TimeControl "180+1"]
[EndTime "9:28:58 PDT"]
[Termination "Cheer_Down won by resignation"]

1. d4 Nf6 2. Nf3 d5 3. Bg5 Ne4 4. Bh4 c5 5. c3 Nc6 6. e3 Qb6 7. Qb3 c4 8. Qc2 Bf5 9. Qc1 e6 10. Nbd2 Bd6 11. h3 O-O 12. g4 Bg6 13. Bg2 e5 14.
O-O exd4 15. Nxe4 Bxe4 16. exd4 Qc7 17. Re1 Bf4 18. Qd1 h6 19. Nd2 f5 20. Nxe4 fxe4 21. f3 Bg3 22. Bxg3 Qxg3 23. Re3 Rae8 24. Qe1 Qf4 25. fxe4 Nd8 26. Qe2 Ne6 27. Rf1 Qg5 28. Rf5 Nf4 29. Qf3 Rxf5 30. exf5 Nxh3+ 31. Qxh3 Rxe3 32. Bxd5+ Kh8 33. Qg2 Re1+ 34. Kh2 Qe3 35.
Bf3 Qf4+ 36. Kh3 Re3 0-1

[Event "Early-Titled-Tuesday-Blitz-March-19-2024"]
[Site "Chess.com"]
[Date "2024.03.19"]
[Round "8"]
[White "JaackCamel"]
[Black "InitiatingASC"]
[Result "0-1"]
[WhiteElo "2210"]
[BlackElo "2356"]
[TimeControl "180+1"]
[EndTime "9:28:58 PDT"]
[Termination "InitiatingASC won on time"]

1. d4 Nf6 2. c4 e6 3. Nc3 c5 4. d5 exd5 5. cxd5 d6 6. e4 g6 7.
f4 Bg7 8. Bb5+ Bd7 9. e5 Nh5 10. Nf3 O-O 11. O-O a6 12. Bxd7 Qxd7 13. Re1 Bh6 14. e6 Qc7 15. g3 b5 16. Be3 Nf6 17. Ng5 b4 18. Nce4 Nxe4 19. Nxe4 f5 20. Ng5 Bg7 21. Rc1 Bxb2 22. Rc2 Bf6 23. Qd3 Ra7 24. Bxc5 dxc5 25. d6 Qc6 26. e7 Re8 27. Qc4+ Kh8 28. Qf7 Bg7 29. Ne6 Bh6 30. Qf6+ Kg8 31. Nc7 Nd7 0-1

[Event "Early-Titled-Tuesday-Blitz-March-19-2024"]
[Site "Chess.com"]
[Date "2024.03.19"]
[Round "8"]
[White "Mikhail_Golubev"]
[Black "JonasEilenberg"]
[Result "1-0"]
[WhiteElo "2726"]
[BlackElo "2568"]
[TimeControl "180+1"]
[EndTime "9:28:59 PDT"]
[Termination "Mikhail_Golubev won by resignation"]

1. e4 c5 2. Nf3 Nc6 3. Nc3 e5 4. Bc4 Be7 5. d3 d6 6. Nd2 Nf6 7.
Nf1 Bg4 8. f3 Be6 9. Ne3 Nb4 10.
a3 d5 11. Bb5+ Nc6 12. exd5 Nxd5 13. Nexd5 Bxd5 14. Nxd5 Qxd5 15. O-O O-O 16. Bc4 Qd6 17. f4 Rad8 18. Kh1 Kh8 19. Be3 f5 20. Qf3 Bf6 21.
c3 Na5 22. b4 Nxc4 23. Bxc5 Qxd3 24. Qxd3 Rxd3 25. fxe5 Be7 26. Bxe7 Re8 27. Rxf5 g6 28. Bf6+ Kg8 29. Rf3 Nxe5 30. Rxd3 Nxd3 31. h3 Re2 32.
Bd4 Ne1 33. Bxa7 Nxg2 34. a4 Nh4 35. a5 Nf3 36. Bb8 Rc2 37. b5 Nd2 38. a6 bxa6 39. bxa6 Nc4 40. Bc7 1-0

[Event "Early-Titled-Tuesday-Blitz-March-19-2024"]
[Site "Chess.com"]
[Date "2024.03.19"]
[Round "8"]
[White "bazar-wokzal"]
[Black "Kirill_Klukin"]
[Result "0-1"]
[WhiteElo "2564"]
[BlackElo "2794"]
[TimeControl "180+1"]
[EndTime "9:28:59 PDT"]
[Termination "Kirill_Klukin won by resignation"]

1. e4 e6 2. d4 d5 3. e5 c5 4. c3 Nc6 5. Nf3 Nge7 6. Na3 Bd7 7. Nc2 Qa5 8. a3 Nxd4 9. Ncxd4 cxd4 10. b4 Qb6 11.
Qxd4 Qc7 12. c4 Rc8 13. c5 b6 14. cxb6 axb6 15. Bd2 Nf5 16. Qf4 Be7 17. Ba6 g5 18. Bxc8 gxf4 19. Bxd7+ Qxd7 20. O-O O-O 21. Bxf4 Rc8 22. Rfc1 Rc4 23. Bd2 Qa4 24. g3 h5 25.
Kg2 Qb3 26. Bf4 Rxc1 27. Rxc1 Qxa3 28. Rc8+ Kg7 29. b5 h4 30. h3 hxg3 31. fxg3 Qb2+ 32. Kf1 Qxb5+ 33. Kf2 Bc5+ 34. Ke1 Qb1+ 35. Kd2 Bb4+ 36. Ke2 Qe4+ 37. Kf2 Bc5+ 38. Kg2 Qe2+ 0-1

[Event "Early-Titled-Tuesday-Blitz-March-19-2024"]
[Site "Chess.com"]
[Date "2024.03.19"]
[Round "8"]
[White "pfalcon1949"]
[Black "Boorchess"]
[Result "0-1"]
[WhiteElo "1992"]
[BlackElo "2545"]
[TimeControl "180+1"]
[EndTime "9:28:59 PDT"]
[Termination "Boorchess won on time"]

1. e4 e5 2. Nf3 Nf6 3. Nc3 Nc6 4. Nxe5 Nxe5 5. d4 Nc6 6. d5 Bb4 7. dxc6 bxc6 8. Bd3 O-O 9. O-O Re8 10. Bg5 h6 11.
Bh4 Rb8 12. Kh1 Be7 13. e5 Nd5 14. Bxe7 Qxe7 15. Nxd5 cxd5 16. Re1 Rxb2 17. Qf3 c6 18. c4 Bb7 19. cxd5 cxd5 20. Rab1 Rxb1 21. Bxb1 Qb4 22. Rg1 Rxe5 23. Qd3 g6 24. Qh3 Kg7 25. Qd3 d4 26. h4 Qc3 27. Qg3 Qxg3 28. fxg3 Re2 29. Kh2 a5 30.
Kh3 a4 31. a3 Rb2 32. Bd3 Rb3 33. Bc4 Rxa3 34. Rd1 d5 35. Bb5 d3 36. Bxd3 Rc3 37. Bb5 a3 38. Ra1 d4 39. Kh2 Bd5 40. g4 a2 0-1

[Event "Early-Titled-Tuesday-Blitz-March-19-2024"]
[Site "Chess.com"]
[Date "2024.03.19"]
[Round "8"]
[White "Sam_ChessMood"]
[Black "DavidGavrilescu18"]
[Result "1/2-1/2"]
[WhiteElo "2942"]
[BlackElo "2788"]
[TimeControl "180+1"]
[EndTime "9:29:00 PDT"]
[Termination "Game drawn by agreement"]

1. d4 d5 2. c4 e6 3. Nc3 Nf6 4. cxd5 exd5 5. Bg5 Bb4 6. e3 h6 7. Bh4 g5 8. Bg3 h5 9. h4 Ne4 10. Ne2 Bg4 11. Qb3 Nxg3 12. Nxg3 Nc6 13. hxg5 Qxg5 14.
Bb5 Bxc3+ 15. Qxc3 Rh6 16. Ne2 Bxe2 17. Kxe2 O-O-O 18. Rag1 h4 19. Kd1 Rf6 20. Qd2 Qf5 21.
Rf1 Qb1+ 22. Qc1 Qe4 23. Rh2 a6 24. Be2 Re8 25. Qc2 Qxc2+ 26. Kxc2 Nxd4+ 27. Kd3 Nxe2 28. Kxe2 d4 29. Rxh4 dxe3 30. f3 Rc6 31. Re4 Rxe4 32.
fxe4 Rc2+ 33. Kxe3 Rxb2 34. g4 Rg2 35. Rxf7 Rxg4 36.
e5 Kd8 37. e6 Rg6 38. Rd7+ Ke8 39. Rxc7 Rxe6+ 40. Kd3 Re7 41. Rc1 Kd7 42. Kc4 Re3 43.
Kb4 Kd6 44. a4 b6 45. Rc2 a5+ 46. Kb5 Rb3+ 47. Ka6 Rb4 48. Rc1 Kd5 49. Rc2 Kd4 50. Rc6 Rxa4 51. Kxb6 Ra1 52. Kb5 a4 53. Kb4 a3 54.
Kb3 Kd5 55. Rc8 a2 56. Kb2 Rb1+ 57. Kxa2 Rb7 58. Rc2 Ra7+ 59. Kb2 1/2-1/2

[Event "Early-Titled-Tuesday-Blitz-March-19-2024"]
[Site "Chess.com"]
[Date "2024.03.19"]
[Round "8"]
[White "kpio91"]
[Black "Gryffindorac8"]
[Result "0-1"]
[WhiteElo "2837"]
[BlackElo "2435"]
[TimeControl "180+1"]
[EndTime "9:29:00 PDT"]
[Termination "Gryffindorac8 won by resignation"]

1. g3 d5 2. Bg2 Nf6 3. Nf3 Bf5 4. O-O e6 5. d3 h6 6. Nbd2 Be7 7. Qe1 O-O 8. e4 Bh7 9. b3 c5 10. Bb2 Nc6 11. Qe2 Rc8 12. a3 b5 13. Rfe1 a5 14. c4 bxc4 15. bxc4 d4 16. Bc1 a4 17. h4 Rb8 18. Nf1 Na5 19. e5 Nd7 20. Bf4 Rb3 21.
Red1 Qb6 22. N1h2 Rb2 23. Rd2 Rxd2 24. Bxd2 Qb2 25. Rd1 Nb3 26. Ng4 Nxd2 27. Nxd2 Qxa3 28. Be4 Rb8 29. Bxh7+ Kxh7 30. Qf3 Kg8 31. Qc6 Rd8 32. Ne4 Qb3 33. Rd2 a3 34. Qa6 Nb8 35. Qa7 Nc6 36.
Qc7 a2 37. Rxa2 Qxa2 38. Qxc6 Qb1+ 39. Kg2 Qxd3 40. Nef6+ gxf6 41. exf6 Bf8 42. Qc7 Qe4+ 43. f3 Qe2+ 44. Nf2 Ra8 45. g4 Ra2 0-1

[Event "Early-Titled-Tuesday-Blitz-March-19-2024"]
[Site "Chess.com"]
[Date "2024.03.19"]
[Round "8"]
[White "MightyGMpretender"]
[Black "Ural_bogatyr"]
[Result "1-0"]
[WhiteElo "2803"]
[BlackElo "2613"]
[TimeControl "180+1"]
[EndTime "9:29:00 PDT"]
[Termination "MightyGMpretender won by resignation"]

1. e4 e5 2. Nf3 Nc6 3. Bb5 a6 4. Ba4 Nf6 5. O-O Nxe4 6. Re1 Nc5 7. Nxe5 Nxe5 8. Rxe5+ Be7 9. Bb3 O-O 10. d4 Nxb3 11. axb3 Bf6 12. Re1 d5 13. Bf4 Bf5 14. c3 Qd7 15.
Nd2 Rfe8 16. Qf3 c6 17. b4 h6 18. Nb3 Be7 19. h3 Bf8 20. Qg3 Bg6 21. Na5 Kh7 22. Bc7 Rxe1+ 23. Rxe1 Rc8 24. Bf4 Be4 25. f3 Bf5 26. h4 b6 27. Nb3 c5 28. dxc5 bxc5 29. Nxc5 Bxc5+ 30. bxc5 Rxc5 31. Be5 f6 32. Bd6 Qa7 33.
Bxc5 Qxc5+ 34. Kh2 a5 35. Re8 h5 36. Qb8 Bd7 37. Rh8+ Kg6 38. Qg3+ Kf7 39. Rh7 Qf8 40.
Rxh5 Be6 41. Qf4 Qc8 42. Re5 Qb8 43. Re4 Qxb2 44. Qc7+ 1-0

[Event "Early-Titled-Tuesday-Blitz-March-19-2024"]
[Site "Chess.com"]
[Date "2024.03.19"]
[Round "8"]
[White "ural58"]
[Black "Kaissa10"]
[Result "0-1"]
[WhiteElo "2460"]
[BlackElo "2304"]
[TimeControl "180+1"]
[EndTime "9:29:00 PDT"]
[Termination "Kaissa10 won by resignation"]

1. e4 c5 2. b3 Nf6 3. e5 Nd5 4. Nc3 Nxc3 5. dxc3 Nc6 6. Nf3 g6 7. Bc4 Bg7 8. O-O Nxe5 9. Nxe5 Bxe5 10. Qd5 d6 11.
Qxf7+ Kd7 12. Bh6 Kc7 13. Rae1 Bd7 14. Rxe5 dxe5 15. h4 Bc6 16. Bg7 Qd6 17. Re1 e4 18. f4 Qd2 19. Re2 Qd1+ 20. Kh2 Rhe8 21. b4 b5 22.
Be5+ Kb7 23. a4 bxc4 24. Qxc4 Qd5 25. Qxd5 Bxd5 26. c4 Bxc4 27. Rxe4 Bd5 28. Re1 cxb4 29. Rb1 a5 30. c3 b3 31. Rc1 Rac8 32. Kg3 e6 33.
Kf2 Rc4 34. Ke3 Rxa4 35. Rb1 Rc8 36. Kd3 Ra2 37. g4 Ra4 38. Ke3 Re4+ 39. Kd3 a4 40. Bd6 Rec4 41. Bb4 Be4+ 0-1

[Event "Early-Titled-Tuesday-Blitz-March-19-2024"]
[Site "Chess.com"]
[Date "2024.03.19"]
[Round "8"]
[White "stollenmonster"]
[Black "arnash_bauyrzhan"]
[Result "1-0"]
[WhiteElo "2889"]
[BlackElo "2377"]
[TimeControl "180+1"]
[EndTime "9:29:01 PDT"]
[Termination "stollenmonster won on time"]

1. e4 c5 2. Nf3 e6 3. Be2 Nc6 4.
c4 d6 5. d4 cxd4 6. Nxd4 Nf6 7.
Nc3 a6 8. O-O Be7 9. Be3 O-O 10.
Rc1 Bd7 11. h3 Nxd4 12. Bxd4 Bc6 13. Bf3 Rc8 14. Qe2 Nd7 15. Rfd1 Qa5 16. Qd2 Ne5 17. Be2 f5 18. Nd5 Qxd2 19. Nxe7+ Kf7 20. Rxd2 Kxe7 21. c5 Ng6 22. cxd6+ Kd7 23. e5 Nf4 24. Bf1 g5 25. Rdc2 h5 26. b4 b5 27. a4 Nd5 28.
Rc5 Nxb4 29. axb5 axb5 30. Rb1 Nd5 31. Bxb5 Bxb5 32. Rcxb5 g4 33. Rb7+ Kc6 34. d7 Rc7 35. Rxc7+ Kxc7 36. Bc5 Rd8 37. Bd6+ Kxd7 38. Rb7+ Kc6 39.
Rh7 gxh3 40. g3 1-0

[Event "Early-Titled-Tuesday-Blitz-March-19-2024"]
[Site "Chess.com"]
[Date "2024.03.19"]
[Round "8"]
[White "axvesik"]
[Black "AccioChess"]
[Result "0-1"]
[WhiteElo "2563"]
[BlackElo "2475"]
[TimeControl "180+1"]
[EndTime "9:29:01 PDT"]
[Termination "AccioChess won on time"]

1. e4 c5 2. Nf3 Nc6 3. Nc3 Nf6 4. Bb5 g6 5. O-O Bg7 6. Bxc6 dxc6 7. d3 O-O 8. Qe2 Bg4 9. a4 Ne8 10. Be3 b6 11. a5 Nc7 12. h3 Bxf3 13. Qxf3 Ne6 14. Qd1 Nd4 15. f4 Qd7 16. Na4 Rab8 17. c3 Nb5 18. Qe2 Qb7 19. f5 Rbd8 20. Bg5 Rd7 21. e5 gxf5 22. Rxf5 Rd5 23. Raf1 e6 24. Rf6 Qc7 25. Re1 bxa5 26. Qe3 Qd7 27. Qg3 Rxd3 28. Re3 Rxe3 29. Bxe3 Qd1+ 30. Kh2 Qh5 31. Nxc5 Kh8 32. Nd7 Rg8 0-1

[Event "Early-Titled-Tuesday-Blitz-March-19-2024"]
[Site "Chess.com"]
[Date "2024.03.19"]
[Round "8"]
[White "SARGISMV"]
[Black "rezamahdavi2008"]
[Result "0-1"]
[WhiteElo "2512"]
[BlackElo "2860"]
[TimeControl "180+1"]
[EndTime "9:29:02 PDT"]
[Termination "rezamahdavi2008 won on time"]

1. d4 Nf6 2. c4 e6 3. Nc3 Bb4 4. e3 O-O 5. Bd2 d5 6. Nf3 Re8 7. Rc1 Nbd7 8. Bd3 Bf8 9. O-O c6 10. e4 dxc4 11. Bxc4 b6 12. Bg5 h6 13. Bh4 Be7 14.
Qe2 Bb7 15. e5 Nd5 16. Bxe7 Nxe7 17. Ne4 Qc7 18. Nd6 Red8 19. Nh4 Nf8 20. Rc3 Nc8 21. Nxb7 Qxb7 22. Rg3 Rxd4 23. Nf3 Rd8 24. Qe4 Ne7 25.
Bd3 Nf5 26. Rh3 Ng6 27. Bb1 Qd7 28. Qg4 Nfe7 29. Nh4 Qd4 30. Qh5 Nf4 31. Qg4 Nxh3+ 32. Qxh3 Qxe5 33. Nf3 Qxb2 34. g4 Ng6 35. Qg3 Qf6 36. h4 Qf4 37. Qg2 Ne5 38. Nxe5 Qxe5 39. g5 hxg5 40. hxg5 g6 41. Qf3 Qxg5+ 0-1

[Event "Early-Titled-Tuesday-Blitz-March-19-2024"]
[Site "Chess.com"]
[Date "2024.03.19"]
[Round "8"]
[White "RedFirePanda"]
[Black "Meri-Arabidze"]
[Result "0-1"]
[WhiteElo "2542"]
[BlackElo "2689"]
[TimeControl "180+1"]
[EndTime "9:29:04 PDT"]
[Termination "Meri-Arabidze won on time"]

1. d4 f5 2. Bf4 Nf6 3. e3 e6 4. c3 b6 5. h3 Bb7 6. Nf3 Bd6 7. Bxd6 cxd6 8. Nbd2 O-O 9. Be2 Nc6 10. O-O Ne7 11. Re1 Ng6 12. Bd3 Ne4 13. Bxe4 fxe4 14. Nh2 Qh4 15.
Rf1 Ba6 16. c4 b5 17. b3 Rac8 18. Rc1 bxc4 19. bxc4 d5 20. Qa4 Rc6 21. Ng4 dxc4 22. Nxe4 h5 23. g3 Qxh3 24. Ne5 Nxe5 25. dxe5 h4 26.
Qd1 hxg3 27. Nxg3 Bb7 28. e4 Rf7 29. Qd4 Rf4 30. Qxd7 Rh4 31. Rfe1 Rb6 32. Qe8+ Kh7 33. Qe7 Ba6 34. Re2 c3 0-1

[Event "Early-Titled-Tuesday-Blitz-March-19-2024"]
[Site "Chess.com"]
[Date "2024.03.19"]
[Round "8"]
[White "BashiqChess"]
[Black "Aleksandar-Topalov"]
[Result "1-0"]
[WhiteElo "2439"]
[BlackElo "2271"]
[TimeControl "180+1"]
[EndTime "9:29:04 PDT"]
[Termination "BashiqChess won by resignation"]

1. d4 e6 2. Bf4 f5 3. Nc3 Nf6 4. h4 Bb4 5. Bd2 b6 6. e3 Bb7 7. Nf3 O-O 8. a3 Bxc3 9. Bxc3 Ne4 10. Be2 d6 11. Bd2 Nd7 12. c3 Kh8 13. Qc2 e5 14. dxe5 dxe5 15. c4 Qe7 16. Bb4 c5 17. Bc3 Nxc3 18.
Qxc3 Bxf3 19. Bxf3 e4 20. Be2 Ne5 21. O-O-O Rad8 22.
g3 Kg8 23. Rxd8 Rxd8 24. Rd1 Rxd1+ 25. Kxd1 Qd6+ 26. Qd2 Qxd2+ 27. Kxd2 Kf8 28. Kc3 Ke7 29. b4 Kd6 30. Kb3 g6 31. Kc3 Kc6 32. h5 g5 33.
Bd1 h6 34. Be2 g4 35. Kb3 Kd6 36. Ka4 Nd7 37. Kb5 Ne5 38. Ka6 Kc7 39. Kxa7 Nd3 40. b5 Nxf2 41. a4 Nh1 42. a5 Nxg3 43. axb6+ Kd7 44.
b7 Nxe2 45. b8=Q g3 46. Qg8 1-0

[Event "Early-Titled-Tuesday-Blitz-March-19-2024"]
[Site "Chess.com"]
[Date "2024.03.19"]
[Round "8"]
[White "martinbitel"]
[Black "Grossboss19"]
[Result "1-0"]
[WhiteElo "2421"]
[BlackElo "2557"]
[TimeControl "180+1"]
[EndTime "9:29:06 PDT"]
[Termination "martinbitel won by resignation"]

1. d4 Nf6 2. c4 c5 3. d5 g6 4.
Nc3 Bg7 5. e4 O-O 6. Nf3 d6 7. Be2 Bg4 8. O-O Nbd7 9. Bf4 Nh5 10. Be3 a6 11. a4 f5 12. Ng5 Bxe2 13. Nxe2 Qc8 14. Ne6 Rf7 15. exf5 gxf5 16. Ng3 Nxg3 17. fxg3 Nf8 18. Ng5 Rf6 19. Qh5 h6 20. Nh3 Qe8 21. Nf4 e5 22. dxe6 Qxh5 23. Nxh5 Rxe6 24. Nxg7 Kxg7 25.
Bd2 Re2 26. Bc3+ Kg6 27. Rad1 Re6 28. Rd5 Nd7 29. Rdxf5 Rae8 30. h4 R8e7 31. h5+ Kh7 32. g4 Ne5 33. Bxe5 dxe5 34. Rf7+ Kg8 35. Rxe7 Rxe7 36. Rf6 Kg7 37. Rg6+ Kh7 38. Kf2 Rd7 39. Ke2 Rd4 40. b3 b5 41. axb5 axb5 42. cxb5 Rb4 43.
b6 Rxb3 44. Rc6 Kg7 45. Rc7+ Kf6 46. b7 Kg5 47. Rg7+ Kf4 48. g5 Rb2+ 49. Kd1 e4 50. gxh6 e3 51. h7 e2+ 52. Ke1 Ke3 53. Re7+ Kd3 54.
Kf2 1-0

[Event "Early-Titled-Tuesday-Blitz-March-19-2024"]
[Site "Chess.com"]
[Date "2024.03.19"]
[Round "8"]
[White "BardArtem"]
[Black "picturesquecheck"]
[Result "1-0"]
[WhiteElo "2809"]
[BlackElo "2443"]
[TimeControl "180+1"]
[EndTime "9:29:07 PDT"]
[Termination "BardArtem won by resignation"]

1. e4 d6 2. d4 g6 3. Nc3 Bg7 4. Nf3 e6 5. h4 h5 6. Bg5 Ne7 7. e5 dxe5 8. dxe5 Qxd1+ 9. Rxd1 Nec6 10. Ne4 O-O 11. Nf6+ Bxf6 12. Bxf6 Nd7 13. Bb5 Nxf6 14. exf6 Nb4 15. Bc4 Nxc2+ 16. Kd2 Nb4 17. Ne5 Nd5 18.
Bxd5 exd5 19. Ke3 Be6 20. Kf4 c5 21. f3 b6 22. g4 hxg4 23. fxg4 d4 24. h5 Bd5 25.
Rh4 Rae8 26. g5 Rxe5 27. Kxe5 Bf3 28. hxg6 fxg6 29. Rd2 Bh5 30. Rxh5 gxh5 31. g6 Re8+ 32. Kd6 Re3 33. Rf2 Rg3 34. Ke7 Re3+ 35. Kd7 Rg3 36. Rf5 d3 37. Rxh5 Rxg6 38. Ke7 Rxf6 39. Kxf6 c4 40. Ke5 b5 41. Kd4 a6 42. Rh1 Kf7 43.
b3 cxb3 44. axb3 Ke6 45. Kxd3 Kd6 46. b4 Kd5 47. Rh5+ 1-0